[Event "Late-Titled-Tuesday-Blitz-July-09-2024"]
[Site "Chess.com"]
[Date "2024.07.09"]
[Round "5"]
[White "vellottiwizard"]
[Black "VladimirKramnik"]
[Result "1-0"]
[WhiteElo "2737"]
[BlackElo "2975"]
[TimeControl "180+1"]
[EndTime "14:55:19 PDT"]
[Termination "vellottiwizard won on time"]

1. e4 e6 2. d4 d5 3. Nc3 Nf6 4. Bg5 dxe4 5. Nxe4 Nbd7 6. Nf3 h6 7. Nxf6+ Nxf6 8. Bh4 c5 9. Bd3 cxd4 10. Nxd4 Bc5 11. Nb3 Be7 12. Qe2 Bd7 13. O-O-O Qb6 14. f4 a5 15. Bf2 Qc7 16. f5 a4 17. fxe6 Bxe6 18.
Nd4 Bg4 19. Bb5+ Kf8 20. Nf3 a3 21. b3 Rc8 22. Rhe1 Bxf3 23. gxf3 Bb4 24. Rg1 g6 25. Bg3 Qb6 26. Bc4 Kg7 27. Be5 Rhe8 28. f4 Bc3 29. Rg3 Bb2+ 30. Kb1 Kf8 31. Re3 Red8 32. Red3 Rxd3 33.
Qxd3 Kg7 34. Bxb2 axb2 35. Kxb2 Qc7 36. Qd2 b6 37. a4 Qc5 38. Re1 Qc7 39. h3 Rd8 40.
Qe3 Qd6 41. Qe5 Qxe5+ 42. fxe5 Nh5 43. e6 fxe6 44. Rxe6 Nf4 45. Rxb6 Nxh3 46. a5 h5 47. a6 Nf4 48. a7 Ra8 49. Rb7+ Kf6 50. Rf7+ Ke5 51.
b4 h4 52. b5 h3 53. Rh7 1-0

[Event "Late-Titled-Tuesday-Blitz-July-09-2024"]
[Site "Chess.com"]
[Date "2024.07.09"]
[Round "5"]
[White "klimkoj"]
[Black "Javokhir_Sindarov05"]
[Result "0-1"]
[WhiteElo "2863"]
[BlackElo "3071"]
[TimeControl "180+1"]
[EndTime "14:55:19 PDT"]
[Termination "Javokhir_Sindarov05 won by checkmate"]

1. e4 e5 2. Nf3 Nc6 3. Bb5 a6 4. Ba4 Nf6 5. O-O Bc5 6. c3 b5 7. Bc2 d5 8. exd5 Qxd5 9. d3 O-O 10. Bg5 Bg4 11. Nbd2 Kh8 12. h3 Bh5 13. Bxf6 gxf6 14.
Ne4 Rg8 15. Kh1 Be7 16. g4 Bg6 17. Nh4 Nd8 18. Qf3 Ne6 19. Bb3 Qc6 20. Nf5 Bxf5 21. gxf5 Nf4 22. d4 Qd7 23. dxe5 Qxf5 24. exf6 Bxf6 25. Rg1 Be5 26. Rg4 Rxg4 27. hxg4 Qg6 28. Ng3 Rd8 29. Re1 Qh6+ 30. Kg1 f6 31. Rd1 Re8 32. Nf5 Qg5 33. Rd7 Bd6 34. Kf1 h5 35. Ng7 hxg4 36. Qh1+ Nh3 37. Nxe8 Qc1+ 38. Kg2 Qd2 39. Qf1 Nf4+ 40. Kg1 Nh3+ 41. Kg2 Qf4 42. Nxd6 Qf3+ 43. Kh2 g3+ 44. Kxh3 g2+ 45. Kh4 Qf4+ 46. Kh5 Qg5# 0-1

[Event "Late-Titled-Tuesday-Blitz-July-09-2024"]
[Site "Chess.com"]
[Date "2024.07.09"]
[Round "5"]
[White "marvinguevara"]
[Black "zacachess"]
[Result "0-1"]
[WhiteElo "2084"]
[BlackElo "2490"]
[TimeControl "180+1"]
[EndTime "14:55:19 PDT"]
[Termination "zacachess won by resignation"]

1. e4 c5 2. Nf3 d6 3. d4 cxd4 4. Nxd4 Nf6 5. Nc3 Nc6 6. Be3 e5 7. Nb3 Be7 8. Be2 Be6 9. O-O O-O 10. Bf3 a5 11. a4 Nb4 12. g3 Rc8 13. Bg2 d5 14.
exd5 Nfxd5 15. Nxd5 Nxd5 16. Re1 Nxe3 17. Rxe3 Qxd1+ 18. Rxd1 Rxc2 19. Bxb7 Rxb2 20. Nxa5 Bd8 21. Nc6 Bb6 22.
Ba6 Bxe3 23. fxe3 Bg4 24. Ra1 f6 25. Bc4+ Kh8 26. a5 Bf3 27. Ne7 Rg2+ 28. Kf1 Rxh2 29.
Ra2 Rxa2 30. Bxa2 Ra8 31. Nf5 Rxa5 32. Bc4 g6 33. Nd6 Kg7 34. Ne8+ Kh6 35. Nxf6 e4 36.
Nd7 Ra3 37. Ne5 Rxe3 38. Nf7+ Kg7 39. Kf2 Rc3 40. Ne5 g5 41. Be6 h5 42. g4 Kf6 43.
Bf5 Kxe5 44. gxh5 Kxf5 45. h6 Rc6 46. h7 Rh6 47. h8=Q Rxh8 0-1

[Event "Late-Titled-Tuesday-Blitz-July-09-2024"]
[Site "Chess.com"]
[Date "2024.07.09"]
[Round "5"]
[White "Zhigalko_Sergei"]
[Black "Statham_01"]
[Result "1-0"]
[WhiteElo "2922"]
[BlackElo "2669"]
[TimeControl "180+1"]
[EndTime "14:55:20 PDT"]
[Termination "Zhigalko_Sergei won on time"]

1. e4 e5 2. Nf3 Nf6 3. d4 Nxe4 4. Bd3 d5 5. Nxe5 Nd7 6. Nxd7 Bxd7 7. O-O Bd6 8. Nc3 Nxc3 9. bxc3 O-O 10. Qh5 f5 11.
Re1 Qf6 12. Qf3 Qf7 13. Bf4 Rac8 14. h4 a6 15. Re3 Rfe8 16. Rae1 Rxe3 17. Rxe3 g6 18.
Qg3 Qf6 19. Be5 Bxe5 20. Rxe5 c6 21. c4 Re8 22. cxd5 cxd5 23. Rxd5 Re1+ 24. Kh2 f4 25.
Qg5 Qxg5 26. hxg5 Bc6 27. Rd6 Kg7 28. d5 Ba4 29. Rf6 Re5 30. c4 Rxg5 31. Rxf4 Re5 32. Kg3 Bd7 33. Rd4 b6 34. Be4 Kf6 35. f3 Rg5+ 36.
Kf2 Ke5 37. Rd2 Rh5 38. Rb2 b5 39. c5 Kd4 40. Rc2 Ke5 41. d6 Bc8 42. Rd2 Ke6 43. c6 Rc5 44. d7 Bxd7 45. cxd7 1-0

[Event "Late-Titled-Tuesday-Blitz-July-09-2024"]
[Site "Chess.com"]
[Date "2024.07.09"]
[Round "5"]
[White "NajdorfPlayerc5"]
[Black "Love7Unicorn"]
[Result "0-1"]
[WhiteElo "2416"]
[BlackElo "2598"]
[TimeControl "180+1"]
[EndTime "14:55:20 PDT"]
[Termination "Love7Unicorn won by resignation"]

1. d4 Nf6 2. c4 e6 3. Nc3 Bb4 4. f3 c5 5. d5 d6 6. e4 Bxc3+ 7. bxc3 e5 8. Bg5 h6 9. Bh4 Nbd7 10. Bd3 Nf8 11. Ne2 Ng6 12. Bg3 Nh5 13. O-O O-O 14. Bf2 Nhf4 15. g3 Nxd3 16. Qxd3 Bh3 17. Rfb1 Bc8 18.
g4 Nf4 19. Nxf4 exf4 20. e5 b6 21. exd6 Qxd6 22. Re1 Ba6 23. Re4 Rfe8 24. Rae1 Rxe4 25. Rxe4 Kf8 26. Qe2 Rd8 27. Be1 g5 28. h4 Bc8 29. Qh2 Qf6 30. Re2 Ba6 31. Re4 Bc8 32. Re2 Re8 33. Rxe8+ Kxe8 34. hxg5 hxg5 35. Qe2+ Kd7 36. Qe4 Kd6 37. Bd2 Qe5 38. Kf2 Qxe4 39. fxe4 Ke5 40. Ke2 Bxg4+ 41. Kd3 Bf3 42. Be1 Bxe4+ 43.
Ke2 Bb1 44. Bf2 Bxa2 45. Kd3 f6 46. Be1 g4 47. Bf2 g3 48. Bg1 f3 49. Ke3 f2 50.
Bxf2 gxf2 51. Kxf2 Bxc4 0-1

[Event "Late-Titled-Tuesday-Blitz-July-09-2024"]
[Site "Chess.com"]
[Date "2024.07.09"]
[Round "5"]
[White "Nekoo04"]
[Black "FuenfgegenWilly"]
[Result "0-1"]
[WhiteElo "2391"]
[BlackElo "2548"]
[TimeControl "180+1"]
[EndTime "14:55:20 PDT"]
[Termination "FuenfgegenWilly won by resignation"]

1. Nf3 Nc6 2. c4 e5 3. d3 Bb4+ 4. Nbd2 f5 5. a3 Bxd2+ 6. Nxd2 Nf6 7. g3 d6 8. Bg2 O-O 9. O-O Qe8 10. Rb1 Qh5 11.
e3 Qh6 12. b4 f4 13. exf4 Bh3 14. f3 exf4 15. Ne4 g5 16. Bb2 Nxe4 17. dxe4 Be6 18. Qd3 Ne5 19. Bxe5 dxe5 20. Rfd1 Qf6 21. c5 a6 22. g4 Rfd8 23. Qc2 Rd4 24. Rxd4 exd4 25. Bf1 Rd8 26. Bc4 Qf7 27. Bxe6 Qxe6 28. Rd1 Kg7 29.
Rd3 Kf6 30. Kg2 Ke5 31. h3 Qf7 32. a4 Qe6 33. Kh2 a5 34. b5 b6 35. Kg2 Rc8 36.
Kh2 c6 37. cxb6 cxb5 38. Qb2 Qc4 39. b7 Rb8 40. Qxb5+ Qxb5 41. axb5 Rxb7 42. Rb3 a4 43. Ra3 Rxb5 44. Rxa4 d3 45. Ra3 Kd4 46. Ra4+ Ke3 47. e5 Rxe5 48. Ra2 d2 49. Ra3+ Ke2 50.
Ra2 Ke1 51. Ra1+ d1=Q 52. Rxd1+ Kxd1 53. Kg2 0-1

[Event "Late-Titled-Tuesday-Blitz-July-09-2024"]
[Site "Chess.com"]
[Date "2024.07.09"]
[Round "5"]
[White "pinelone"]
[Black "zsoltkorpics"]
[Result "1-0"]
[WhiteElo "2391"]
[BlackElo "2495"]
[TimeControl "180+1"]
[EndTime "14:55:21 PDT"]
[Termination "pinelone won on time"]

1. Nf3 Nf6 2. c4 c5 3. g3 b6 4. Bg2 Bb7 5. O-O e6 6. Nc3 Be7 7. d4 cxd4 8. Qxd4 O-O 9. Rd1 a6 10. Be3 Bc5 11. Qd3 Bxe3 12. Qxe3 Qc7 13. Na4 b5 14.
Nb6 Ra7 15. c5 Nd5 16. Nxd5 Bxd5 17. Rac1 Nc6 18. Nd4 Bxg2 19. Kxg2 Ne7 20. b4 Nd5 21. Qb3 a5 22. e4 Nxb4 23. Nxb5 Qb7 24. Nxa7 Qxa7 25.
a3 Nc6 26. Qb6 Qa8 27. Rxd7 Ne5 28. Rb7 f5 29. c6 fxe4 30. c7 e3 31. fxe3 h5 32.
Qa7 Rf2+ 33. Kxf2 Qf8+ 34. Ke1 Qf3 35. c8=Q+ Kh7 36. Qc2+ Kh6 37. Qe2 Qh1+ 38. Kd2 Qd5+ 39. Kc2 Qa2+ 40. Kd1 Qd5+ 41. Qd4 Qxb7 42. Qxe5 Qb3+ 43.
Ke1 Qxa3 44. Qd2 g6 45. Qf4+ Kh7 46. Qfd4 Qa2 47. Q4c3 Qa4 48. Qcd3 Kg7 49. Q3c3+ 1-0

[Event "Late-Titled-Tuesday-Blitz-July-09-2024"]
[Site "Chess.com"]
[Date "2024.07.09"]
[Round "5"]
[White "Jahonas"]
[Black "rhungaski"]
[Result "0-1"]
[WhiteElo "2431"]
[BlackElo "2635"]
[TimeControl "180+1"]
[EndTime "14:55:23 PDT"]
[Termination "rhungaski won by resignation"]

1. d4 Nf6 2. Nf3 g6 3. Bf4 Bg7 4. e3 O-O 5. Nbd2 d6 6. h3 Nbd7 7. Be2 b6 8. O-O c5 9. c3 Bb7 10. Bh2 a6 11. Qb3 Ra7 12. Rac1 Qa8 13. Rfd1 Rc8 14.
Nc4 b5 15. Na5 c4 16. Qa3 Bd5 17. Ne1 Ne8 18. f3 f5 19. Bg3 Bh6 20. Bf2 Ndf6 21. b3 Rac7 22. bxc4 bxc4 23. Rb1 Bf7 24. Nc2 Ng7 25.
Nb4 Nd5 26. Nxd5 Bxd5 27. Rb6 Rb8 28. Rdb1 Rxb6 29. Rxb6 Qc8 30. Qb4 Qe6 31. Rb8+ Kf7 32. Qb6 Rd7 33. Nb7 Bxb7 34. Rxb7 Rxb7 35. Qxb7 Bxe3 36.
Qxa6 Bxf2+ 37. Kxf2 d5 38. Qxe6+ Nxe6 39. g3 f4 40. gxf4 Nxf4 41. Bf1 Ke6 42. h4 Kd6 43. Kg3 Nh5+ 44. Kg4 h6 45. f4 Nf6+ 46. Kf3 Ne4 47. f5 gxf5 48. Kf4 Nxc3 49. Kxf5 Nxa2 50. Kg6 c3 51. Bd3 Nb4 52. Bb1 c2 53. Bxc2 Nxc2 54. Kxh6 Nxd4 55. Kg6 Ke5 56. h5 Nf5 0-1

[Event "Late-Titled-Tuesday-Blitz-July-09-2024"]
[Site "Chess.com"]
[Date "2024.07.09"]
[Round "5"]
[White "scandalgod"]
[Black "ChessBrainiacOnTwitch"]
[Result "1-0"]
[WhiteElo "2656"]
[BlackElo "2806"]
[TimeControl "180+1"]
[EndTime "14:55:24 PDT"]
[Termination "scandalgod won on time"]

1. d4 Nf6 2. c4 e6 3. Nc3 Bb4 4. a3 Bxc3+ 5. bxc3 O-O 6. f3 Nc6 7. e4 d6 8. Bd3 Re8 9. Be3 e5 10. Ne2 b6 11. O-O Na5 12. Ng3 Ba6 13. Qe2 Nd7 14. f4 exd4 15. cxd4 c5 16. d5 Nf6 17. Bd2 Nb3 18. Bc3 Nxa1 19. Bxa1 Nd7 20. e5 Nf8 21. Qg4 Bc8 22. Bf5 Ng6 23. e6 fxe6 24.
Bxg6 hxg6 25. Qxg6 Qe7 26. Nh5 Qf7 27. Qg5 g6 28.
Nf6+ Kf8 29. Ne4 exd5 30. Nxd6 Qe6 31. Nxe8 Kxe8 32. cxd5 Qe3+ 33. Kh1 Bf5 34. Qh4 Kd7 35. Re1 Rh8 36. Bxh8 g5 37. Rxe3 gxh4 38. Bf6 Kd6 39.
Re5 Bd3 40. Be7+ Kd7 41. Bxh4 c4 42. Be1 b5 43. Bb4 a5 44. Bxa5 Kd6 45. Bb4+ Kd7 46. Re7+ Kd8 47. d6 Bf5 48. Rf7 Bd7 49. f5 Be8 50.
Re7 Bd7 51. f6 Be8 52. f7 Bxf7 53. Rxf7 c3 54. Bxc3 b4 55. Bf6+ Ke8 56. Re7+ Kf8 57. d7 1-0

[Event "Late-Titled-Tuesday-Blitz-July-09-2024"]
[Site "Chess.com"]
[Date "2024.07.09"]
[Round "5"]
[White "GAO"]
[Black "Ash15K"]
[Result "0-1"]
[WhiteElo "2431"]
[BlackElo "2315"]
[TimeControl "180+1"]
[EndTime "14:55:24 PDT"]
[Termination "Ash15K won by resignation"]

1. e4 c5 2. Nf3 d6 3. d4 cxd4 4. Qxd4 Nf6 5. Be2 Nc6 6. Qe3 g6 7. h3 Bg7 8. O-O O-O 9. Rd1 Qc7 10. c4 Nd7 11. Nc3 Bxc3 12. Qxc3 Nce5 13. Bh6 Nxf3+ 14. Bxf3 Ne5 15. Be2 f6 16. Be3 Be6 17. Rac1 Rac8 18. b3 b5 19. c5 dxc5 20. Bxb5 Qb7 21. Bd3 c4 22. bxc4 Bxc4 23. Bxc4+ Rxc4 24. Qb3 Qxb3 25.
axb3 Rxe4 26. Rc7 a5 27. Rxe7 Nf3+ 28. gxf3 Rxe7 29. Bc5 Rb7 30. Bxf8 Kxf8 31. Rd3 Ke7 32. Kg2 Ke6 33. Rc3 Kd5 34. Rd3+ Kc5 35. h4 Kb4 36. Rd5 Rb5 37. Rd6 Kxb3 38. Rxf6 a4 39. Re6 a3 40. Re3+ Ka4 41. Re8 a2 42. Ra8+ Kb3 43. Kg3 Rb4 44.
Rxa2 Kxa2 45. f4 Kb3 46. Kg4 Kc4 47. h5 gxh5+ 48. Kg5 Kd5 49. f5 Ke5 50. f6 Rb7 51.
f4+ Ke6 52. f5+ Ke5 53. Kh6 Rf7 54. Kg5 Rxf6 55. Kh4 Rxf5 0-1

[Event "Late-Titled-Tuesday-Blitz-July-09-2024"]
[Site "Chess.com"]
[Date "2024.07.09"]
[Round "5"]
[White "alexrustemov"]
[Black "Msb2"]
[Result "0-1"]
[WhiteElo "2876"]
[BlackElo "3087"]
[TimeControl "180+1"]
[EndTime "14:55:26 PDT"]
[Termination "Msb2 won by checkmate"]

1. d4 d5 2. c4 e6 3. Nf3 Nf6 4.
cxd5 exd5 5. Bg5 h6 6. Bh4 Bb4+ 7. Nfd2 O-O 8. a3 Be7 9. e3 Bf5 10. Nc3 c6 11. Nf3 Nbd7 12. Bd3 Bxd3 13. Qxd3 Re8 14.
Nd2 Nf8 15. O-O Ng6 16. Bxf6 Bxf6 17. b4 a6 18. a4 Qd6 19. b5 cxb5 20. axb5 a5 21.
Rfc1 Rec8 22. g3 Nf8 23. Qf5 Rd8 24. Na4 Nd7 25. Nf3 Nb6 26. Nc5 Qe7 27. Nd2 g6 28. Qd3 Kg7 29. Ra2 Ra7 30. Rca1 Rda8 31. Kg2 Nd7 32.
Ndb3 Nxc5 33. Nxc5 b6 34. Na4 Rb8 35. Rc1 Rc7 36.
Rac2 Rxc2 37. Qxc2 h5 38. h4 Qe8 39. Qc6 Qe4+ 40. Kg1 g5 41. hxg5 Bxg5 42. Nxb6 Bxe3 43. fxe3 Qxe3+ 44. Kg2 Qe2+ 45. Kg1 Qe3+ 46. Kg2 h4 47. Nxd5 h3+ 48. Kxh3 Rh8+ 49. Kg4 Qe2+ 50. Kf4 Rh6 51. Qc7 Qf2+ 52. Kg4 Rg6+ 53. Kh3 Qf5+ 54. Kh2 Qf2+ 55. Kh3 Rh6+ 56. Kg4 Qe2+ 57. Kf4 Re6 58. Rc5 Qe4+ 59. Kg5 Rg6+ 60. Kh5 Qg4# 0-1

[Event "Late-Titled-Tuesday-Blitz-July-09-2024"]
[Site "Chess.com"]
[Date "2024.07.09"]
[Round "5"]
[White "protectiago"]
[Black "IsaqueGoncalvesSanto"]
[Result "1-0"]
[WhiteElo "2172"]
[BlackElo "1692"]
[TimeControl "180+1"]
[EndTime "14:55:26 PDT"]
[Termination "protectiago won on time"]

1. d4 d5 2. c4 e6 3. g3 c6 4. Nf3 Bb4+ 5. Bd2 Be7 6. Bg2 dxc4 7. O-O Nf6 8. Qc2 b5 9. e4 Bb7 10. Rd1 O-O 11. Bg5 h6 12. Bxf6 Bxf6 13. e5 Be7 14. Nc3 Nd7 15. a4 a6 16. axb5 cxb5 17. Ng5 Bxg5 18.
Bxb7 Rb8 19. Bxa6 b4 20. Ne4 Nb6 21. Bxc4 Nxc4 22. Qxc4 Be7 23. Ra7 Rc8 24. Qd3 Re8 25. h4 Qb6 26. Qa6 Qxa6 27. Rxa6 Rc2 28. Rd2 Rec8 29.
Ra7 Bf8 30. Rxc2 Rxc2 31. Nd6 Rxb2 32. Nxf7 b3 33. Nd8 Rb1+ 34. Kg2 b2 35. Rb7 Ba3 36.
Nxe6 Rc1 37. Rxg7+ Kh8 38. Rb7 b1=Q 39. Rxb1 Rxb1 40.
d5 Rd1 41. Nf4 Kg8 42. d6 Kf7 43. Nh3 Rd2 44. Kf3 Bc5 45. Ke4 Bxf2 46. Nf4 Bb6 47. e6+ Kf6 48. Nd5+ 1-0

[Event "Late-Titled-Tuesday-Blitz-July-09-2024"]
[Site "Chess.com"]
[Date "2024.07.09"]
[Round "5"]
[White "LikeWater"]
[Black "K_A_S_T_O_R"]
[Result "1-0"]
[WhiteElo "2675"]
[BlackElo "2834"]
[TimeControl "180+1"]
[EndTime "14:55:28 PDT"]
[Termination "LikeWater won on time"]

1. e4 c5 2. c3 Nf6 3. e5 Nd5 4. Nf3 d6 5. Bb5+ Bd7 6. Bc4 e6 7. d4 cxd4 8. cxd4 Bc6 9. O-O Be7 10. Nc3 Nb6 11. Bd3 dxe5 12. Nxe5 N8d7 13. Qh5 Nxe5 14.
Qxe5 Bf6 15. Qg3 O-O 16. Rd1 Nd5 17. Ne4 Bxd4 18. Bc4 e5 19. Bg5 f6 20. Bh6 Qe7 21.
Nd6 f5 22. Bg5 Qxd6 23. Rxd4 f4 24. Rxd5 Bxd5 25. Qd3 Kh8 26. Qxd5 Qg6 27. Be7 Rfe8 28.
Ba3 Rad8 29. Qxb7 e4 30. Bb5 Rb8 31. Qd7 Red8 32. Qc6 Qg5 33. Bf1 e3 34. Qf3 Rd2 35. fxe3 fxe3 36. Re1 Re8 37. Bb4 Rf2 38. Qh3 h6 39. Bc3 Rf5 40. Qg3 Qe7 41. Be2 Rg5 42. Qh3 Kh7 43. Bd3+ Kg8 44. Bc4+ Kh7 45. Bd3+ Kg8 46.
a3 Qc5 47. Qh4 Rf8 48. Bc4+ Kh7 49. Be2 Rf2 50. Bd3+ Kg8 51. Bc4+ Kf8 52. Bb4 1-0

[Event "Late-Titled-Tuesday-Blitz-July-09-2024"]
[Site "Chess.com"]
[Date "2024.07.09"]
[Round "5"]
[White "ManMish2"]
[Black "Indefatigable11"]
[Result "1-0"]
[WhiteElo "2600"]
[BlackElo "2417"]
[TimeControl "180+1"]
[EndTime "14:55:28 PDT"]
[Termination "ManMish2 won by checkmate"]

1. e4 e6 2. d4 d5 3. Nd2 c5 4.
exd5 Qxd5 5. Ngf3 cxd4 6. Bc4 Qd6 7. O-O Nf6 8. Nb3 Nc6 9. Nbxd4 Nxd4 10. Qxd4 Qxd4 11.
Nxd4 Bc5 12. Nb3 Bb6 13. Be2 Bd7 14. Bf3 Bc6 15. Bxc6+ bxc6 16. a4 O-O 17. a5 Bc7 18. h3 Rfd8 19. Be3 Rd5 20. Ra4 a6 21. Rc4 Bxa5 22. Rxc6 Bb4 23. Ra1 a5 24. c3 Bf8 25. c4 Re5 26. Bb6 a4 27. Nc5 Bxc5 28. Bxc5 Re2 29. Rxa4 Rd8 30. Bd4 Ne4 31. Rca6 Rd2 32.
Be3 Rxb2 33. Ra8 Rbb8 34. Rxb8 Rxb8 35. c5 Rc8 36. Rxe4 Kf8 37. Rc4 Ke7 38. Bf4 Kd7 39.
Bd6 Kc6 40. Rb4 Kd5 41. Rb7 f6 42. Rxg7 e5 43. Rxh7 f5 44. Rf7 f4 45. Rf5 Ke4 46. Rxe5+ Kd4 47. Kh2 f3 48. gxf3 Rg8 49. Re4+ Kd5 50.
Rg4 Kc6 51. Kg2 Re8 52. h4 Re2 53. Kg3 Re6 54. h5 Rh6 55. Rg5 Rf6 56. Kg4 Rf7 57. Rg6 Kd5 58. h6 Rh7 59. Kg5 Rf7 60. Rg7 Rxf3 61. h7 Rxf2 62. h8=Q Rg2+ 63. Kf4 Rf2+ 64. Ke3 Rf5 65. Qg8+ Kc6 66. Qa8+ Kb5 67. Rb7+ Kc4 68. Qa4+ Kd5 69. Qe4# 1-0

[Event "Late-Titled-Tuesday-Blitz-July-09-2024"]
[Site "Chess.com"]
[Date "2024.07.09"]
[Round "5"]
[White "EternalNight8"]
[Black "shirovin"]
[Result "1-0"]
[WhiteElo "2377"]
[BlackElo "2092"]
[TimeControl "180+1"]
[EndTime "14:55:28 PDT"]
[Termination "EternalNight8 won on time"]

1. e4 c5 2. Nf3 d6 3. d4 cxd4 4. Nxd4 Nf6 5. Nc3 a6 6. Bg5 e6 7. f4 Be7 8. Qf3 Nbd7 9. O-O-O Qc7 10. g4 h6 11. Bxf6 Bxf6 12. h4 Nb6 13. g5 hxg5 14. hxg5 Rxh1 15. Qxh1 Bxd4 16. Rxd4 Qc5 17. Qh8+ Ke7 18.
Qxg7 e5 19. Qf6+ Ke8 20. Rxd6 Qe3+ 21. Rd2 Bg4 22. Qh8+ Ke7 23. Qxe5+ Kf8 24. Qh8+ Ke7 25. Qf6+ Ke8 26. Be2 Bxe2 27. Nxe2 Nc4 28. Qh8+ Ke7 29. Qf6+ Ke8 30. Qd4 Qxd2+ 31. Qxd2 Nxd2 32. Kxd2 Rd8+ 33. Ke3 Rd1 34. b3 b5 35. c4 Ra1 36. cxb5 axb5 37. a4 bxa4 38. bxa4 Rxa4 39. f5 Ke7 40. Kf4 Ra1 41. Ng3 Re1 42. Kg4 Re3 43. Kf4 Re1 44. e5 Ra1 45. Kg4 Ra4+ 46. Kh5 Kf8 47. g6 Rf4 48.
Kh6 Rh4+ 49. Nh5 fxg6 50. fxg6 Kg8 51. g7 Ra4 52. Nf6+ Kf7 53. g8=Q+ 1-0

[Event "Late-Titled-Tuesday-Blitz-July-09-2024"]
[Site "Chess.com"]
[Date "2024.07.09"]
[Round "5"]
[White "Chigorinetz"]
[Black "AradNazari"]
[Result "1-0"]
[WhiteElo "2615"]
[BlackElo "2773"]
[TimeControl "180+1"]
[EndTime "14:55:30 PDT"]
[Termination "Chigorinetz won by checkmate"]

1. e4 c5 2. Nc3 d6 3. Nf3 Nf6 4. e5 dxe5 5. Nxe5 Nbd7 6. d4 e6 7. Bb5 a6 8. Bxd7+ Bxd7 9. O-O Rc8 10. d5 Bd6 11. Nxd7 Qxd7 12. dxe6 fxe6 13. Bg5 Rd8 14. Qe2 O-O 15. Rad1 Qe7 16. Rfe1 h6 17. Bh4 Rfe8 18.
Ne4 Be5 19. c3 Rxd1 20. Rxd1 g5 21. Bg3 Bxg3 22. hxg3 Nxe4 23. Qxe4 Kg7 24. a4 e5 25. a5 Qf7 26. Rd6 Re6 27. Rxe6 Qxe6 28. Qxb7+ Kf6 29. Kf1 Qc4+ 30. Ke1 e4 31. Qd7 Qb5 32. Qd6+ Kf5 33. f3 exf3 34. gxf3 g4 35. Qf4+ Ke6 36. Qxg4+ Ke7 37.
Qh4+ Ke8 38. Qh5+ Kd8 39. Qd5+ Kc7 40. b4 Qa4 41. Qxc5+ Kb8 42. Qb6+ Ka8 43. Qxa6+ Kb8 44. Qb6+ Ka8 45. Qd4 Qa1+ 46. Ke2 Qb2+ 47. Ke3 Qc1+ 48.
Ke4 Qc2+ 49. Ke5 Qh2 50. Qf4 Qh5+ 51. Qf5 Qh2 52. Kd6 Qxg3+ 53. Kc6 h5 54. Qf8+ Ka7 55.
Qf7+ Ka6 56. Qb7# 1-0

[Event "Late-Titled-Tuesday-Blitz-July-09-2024"]
[Site "Chess.com"]
[Date "2024.07.09"]
[Round "5"]
[White "talaicito"]
[Black "axlbvRR"]
[Result "1-0"]
[WhiteElo "2315"]
[BlackElo "1948"]
[TimeControl "180+1"]
[EndTime "14:55:30 PDT"]
[Termination "talaicito won on time"]

1. d4 e6 2. e4 d5 3. e5 c5 4. c3 Nc6 5. Nf3 Bd7 6. Bd3 Qb6 7. O-O cxd4 8. cxd4 Nxd4 9. Nbd2 Nc6 10. Nb3 Nge7 11.
Be3 Qd8 12. Nc5 Rb8 13. Rc1 Ng6 14. Nxd7 Qxd7 15. Bb5 a6 16. Bxc6 bxc6 17. Qa4 Ne7 18. Qxa6 Qb7 19. Qxb7 Rxb7 20. a4 Kd7 21. a5 Nf5 22. Bb6 Be7 23. g4 Nh6 24. h3 f6 25.
Rc2 Rc8 26. Rfc1 Nf7 27. Bd4 Rbc7 28. Bb6 Rb7 29. exf6 gxf6 30. Nd4 c5 31. b4 c4 32. b5 Bc5 33. Bxc5 Rxc5 34. a6 Rb8 35. a7 Ra8 36.
b6 Nd6 37. Re1 e5 38. Nf5 Nb7 39. f4 e4 40. Rd1 Ke6 41. Ne3 Rb5 42. Kf2 Rd8 43.
Nxc4 Ra8 44. Ne3 Rxb6 45. Nxd5 Rd6 46. Nc7+ Kd7 47. Rxd6+ Kxd6 48. Nxa8 Ke6 49. Nb6 Nd6 50. a8=Q e3+ 51. Kxe3 f5 52. gxf5+ Nxf5+ 53. Kf2 Kf6 54. Qc8 Kg6 55. Rc6+ Kf7 56. Qxf5+ 1-0

[Event "Late-Titled-Tuesday-Blitz-July-09-2024"]
[Site "Chess.com"]
[Date "2024.07.09"]
[Round "5"]
[White "Juliana_Figueira"]
[Black "Kostukov_Alex"]
[Result "1-0"]
[WhiteElo "2016"]
[BlackElo "2324"]
[TimeControl "180+1"]
[EndTime "14:55:30 PDT"]
[Termination "Juliana_Figueira won on time"]

1. d4 g6 2. c4 Bg7 3. Nc3 d6 4. e4 e5 5. d5 f5 6. exf5 Bxf5 7. Bd3 Nf6 8. Bxf5 gxf5 9. Bg5 O-O 10. Nge2 Nbd7 11. O-O a6 12. b4 Qe8 13. a4 Qh5 14. Bd2 f4 15. Nc1 Qg6 16. f3 Kh8 17. N1e2 Rg8 18. Kh1 Bh6 19. Rg1 Nh5 20. Qb1 Qg5 21. Ne4 Qh4 22. Rf1 Rae8 23. Qe1 Qe7 24. Rg1 Ndf6 25. N2c3 Rg6 26. Qh4 Reg8 27. Nxf6 Nxf6 28. Be1 Bg5 29. Qh3 Rh6 30. Qf5 Qf7 31. h3 Qg7 32. Ne4 Nh5 33. Nxg5 Qxg5 34. Qxg5 Rxg5 35. Bh4 Rgg6 36. c5 Ng7 37. Bf2 Nf5 38. Rac1 dxc5 39. bxc5 c6 40. d6 Rg7 41. Rge1 Re6 42. Rb1 Rd7 43.
Rb6 Ne3 44. Bxe3 fxe3 45. Rxe3 Kg7 46. Reb3 Kf6 47. Rxb7 Rd8 48. Rc7 e4 49. fxe4 Rxe4 50. Rxc6 Re1+ 51. Kh2 Re2 52. Rxa6 h5 53. d7+ Kf5 54.
Rf3+ 1-0

[Event "Late-Titled-Tuesday-Blitz-July-09-2024"]
[Site "Chess.com"]
[Date "2024.07.09"]
[Round "5"]
[White "alreadybroken23"]
[Black "KaydenTroffChess"]
[Result "0-1"]
[WhiteElo "2663"]
[BlackElo "2887"]
[TimeControl "180+1"]
[EndTime "14:55:31 PDT"]
[Termination "KaydenTroffChess won on time"]

1. d4 Nf6 2. c4 g6 3. Nc3 d5 4.
cxd5 Nxd5 5. e4 Nxc3 6. bxc3 Bg7 7. Bc4 c5 8. Ne2 O-O 9. O-O Nc6 10. Be3 Bd7 11.
Rb1 Qc7 12. Qd2 Rfd8 13. Rfd1 Be8 14. Qb2 e6 15. Bf4 Qa5 16. Qxb7 Rac8 17. d5 exd5 18.
Bxd5 Ne5 19. Qb2 c4 20. Bxe5 Bxe5 21. a3 Ba4 22. Rdc1 Rb8 23. Qd2 Rxb1 24. Rxb1 Bc6 25.
Rd1 Bxd5 26. exd5 Qxa3 27. Qe3 Bf6 28. g3 a5 29. Qb6 Qb3 30. Rb1 Qc2 31. Nd4 Qe4 32.
Rd1 Kg7 33. d6 a4 34. Qc5 Qe5 35. Qxc4 a3 36. Nc6 Qh5 37. g4 Qh4 38. Nxd8 Bxd8 39.
d7 a2 40. Qd4+ Kh6 41. Kg2 Bc7 42. Qe3+ Kg7 43. Qh3 Qd8 44. c4 Qa8+ 45. Qf3 a1=Q 46.
Rxa1 Qxa1 47. Qc6 Qa5 48. c5 Bd8 49. Qc8 Qc7 50. Qxc7 Bxc7 51. Kf3 Kf6 52. Ke4 Ke6 53. f4 Kxd7 54. h4 Ke6 0-1

[Event "Late-Titled-Tuesday-Blitz-July-09-2024"]
[Site "Chess.com"]
[Date "2024.07.09"]
[Round "5"]
[White "MatthewG-p4p"]
[Black "Hikaru"]
[Result "0-1"]
[WhiteElo "2929"]
[BlackElo "3218"]
[TimeControl "180+1"]
[EndTime "14:55:33 PDT"]
[Termination "Hikaru won by resignation"]

1. e4 g6 2. d4 c6 3. Nf3 d5 4. exd5 cxd5 5. h3 Nc6 6. Bd3 Bf5 7. Be2 Nf6 8. c3 Bg7 9. O-O O-O 10. Re1 a6 11.
Bf4 b5 12. Nbd2 Na5 13. a4 Nc4 14. axb5 axb5 15. Qb3 Bd7 16. Qb4 Re8 17. b3 Nxd2 18.
Nxd2 Qb6 19. Be5 Bf8 20. Qc5 Qb7 21. Qc7 Qxc7 22. Bxc7 Rac8 23. Ra7 Bc6 24. Be5 Nd7 25. Bf4 e6 26. b4 Nb6 27. Nb3 Na4 28. Bd2 Ra8 29.
Rc7 Rec8 30. Rxc8 Rxc8 31. Ra1 Bd6 32. Nc5 Ra8 33. Bd1 e5 34. Bb3 e4 35. f3 exf3 36. gxf3 Kg7 37. Kf2 h5 38. Ra2 h4 39.
Kf1 f6 40. Be1 g5 41. Re2 Nb6 42. Re6 Nc8 43. Bc2 Ra7 44. Bf5 Re7 45. Re2 Rxe2 46. Kxe2 Ne7 47. Bd3 Kf7 48. Bd2 Ng6 49. Bxg6+ Kxg6 50.
f4 Bxc5 51. bxc5 Bd7 52. fxg5 fxg5 53. Kf3 Bxh3 54. Be1 Bd7 55. Ke3 Kf5 56. Kf3 g4+ 57.
Kg2 g3 58. Kf3 Be8 59. Bd2 Bh5+ 60. Kg2 Kg4 61. c6 h3+ 62. Kg1 Bg6 63. c7 h2+ 64. Kg2 Be4+ 65. Kf1 h1=Q+ 66. Ke2 Qf3+ 0-1

[Event "Late-Titled-Tuesday-Blitz-July-09-2024"]
[Site "Chess.com"]
[Date "2024.07.09"]
[Round "5"]
[White "Patricius007"]
[Black "saikrishnaReturns"]
[Result "0-1"]
[WhiteElo "2556"]
[BlackElo "2782"]
[TimeControl "180+1"]
[EndTime "14:55:33 PDT"]
[Termination "saikrishnaReturns won by resignation"]

1. e4 e5 2. Nf3 Nc6 3. Bc4 Nf6 4. d3 Be7 5. O-O O-O 6. c3 d6 7. h3 Na5 8. Bb5 a6 9. Ba4 b5 10. Bc2 c5 11. Nbd2 Re8 12. d4 Bf8 13. Re1 cxd4 14.
cxd4 Bb7 15. d5 Rc8 16. Bd3 Nd7 17. b4 Nc4 18. Nf1 a5 19. a3 axb4 20. axb4 Ndb6 21.
Ng3 Ra8 22. Rxa8 Qxa8 23. Nf5 Qa1 24. Nh2 Qc3 25. Rf1 Ra8 26. Qg4 g6 27. Bxc4 bxc4 28.
Bh6 Ra1 29. Bxf8 Kxf8 30. Nxd6 Rxf1+ 31. Nxf1 Qxb4 32. Nxb7 c3 33. Ne3 c2 34. Nxc2 Qb1+ 35.
Kh2 Qxc2 36. Nd6 Qxf2 37. Qg5 f6 38. Qh6+ Kg8 39. Ne8 Kf7 40. Nc7 Qf4+ 41. Qxf4 exf4 42. Ne6 g5 43. h4 h6 44. Kh3 Kg6 45. Kg4 h5+ 46.
Kf3 Nc4 47. g3 Ne5+ 48. Kf2 Ng4+ 49. Kf3 Ne5+ 50. Kf2 f3 51. d6 g4 52. Nf8+ Kf7 53.
d7 Ke7 54. Nh7 Nxd7 55. Ke3 Kf7 56. Kf2 Kg7 57. Ng5 fxg5 58. hxg5 Kg6 0-1